AoeStats
← [POKR]Benzunum

Oasis

509014248Analyzed
3v3 RM · 6d ago on Sep 25, 2026· 50m 36s· 6 players
Game mode
Random Map
Map size
Normal (6 player)
Population
200
Speed
Normal
Resources
Standard
Victory
Conquest
Starting age
Dark Age
Ending age
Imperial Age
RankedLock teamsTeams togetherTeam positionsShared explorationLock speedFull tech treeHidden civsTurbo modeCheats
Victory
Defeat
🇨🇴 Wei · Colombia
1226
+15
🇨🇴 Shu · Colombia
1222
+15
🇨🇴 Saracens · Colombia
1186
+17
🇺🇸 Persians · United States
1277
-18
🇲🇽 Franks · Mexico
1187
-15
🇨🇴 Burmese · Colombia
1161
-14
BerC
12:03 Feudal Age
16:02 Castle Age
14:09 Double-Bit Axe
15:11 Loom
17:21 Bow Saw
19:05 Wheelbarrow
22:43 Squires
22:50 Pikeman
24:44 Fortified Wall
30:14 Imperial Age
30:15 Husbandry
30:39 Hand Cart
31:26 Conscription
31:15 Scale Barding Armor
31:20 Forging
30:34 Cavalier
32:29 Chain Barding Armor
32:37 Paladin
35:52 Plate Barding Armor
35:53 Iron Casting
37:48 Masonry
38:00 Ballistics
38:41 Chemistry
37:28 Town Watch
39:06 Blast Furnace
38:54 Chivalry
39:01 Ordonnance Companies
39:34 Arson
40:53 Architecture
40:57 Elite Throwing Axeman
41:34 Fletching
45:37 Bodkin Arrow
45:46 Scale Mail Armor
48:10 Chain Mail Armor
Showergod
12:07 Feudal Age
12:53 Loom
14:29 Fletching
14:44 Padded Archer Armor
21:10 Castle Age
19:57 Double-Bit Axe
19:54 Horse Collar
20:49 Gold Mining
21:20 Elite Skirmisher
24:02 Heavy Plow
26:52 Wheelbarrow
29:41 Bodkin Arrow
30:02 Leather Archer Armor
31:02 Squires
31:57 Scale Barding Armor
32:08 Forging
32:35 Bow Saw
33:35 Ballistics
33:43 Bloodlines
34:53 Chain Barding Armor
34:58 Kamandaran
39:56 Imperial Age
37:29 Stone Mining
37:37 Crossbowman
39:36 Gold Shaft Mining
41:41 Chemistry
41:43 Two-Man Saw
41:15 Crop Rotation
42:17 Devotion
43:30 Conscription
45:03 Plate Barding Armor
45:15 Thumb Ring
45:19 Elite War Elephant
48:49 Ring Archer Armor
48:54 Iron Casting
50:43 Blast Furnace
micoelchico
4:21 Loom
10:24 Feudal Age
16:45 Castle Age
24:39 Imperial Age
22:26 Gold Mining
22:19 Horse Collar
23:20 Fervor
23:31 Sanctity
23:25 Redemption
25:08 Gold Shaft Mining
24:45 Loom
25:36 Wheelbarrow
25:07 Heavy Plow
25:19 Atonement
25:35 Block Printing
25:56 Theocracy
25:47 Illumination
25:57 Scale Mail Armor
26:08 Forging
26:24 Pikeman
27:05 Squires
26:50 Gambesons
27:24 Man-at-Arms
29:15 Long Swordsman
31:54 Siege Engineers
33:10 Chemistry
31:59 Two-Handed Swordsman
32:57 Chain Mail Armor
34:13 Iron Casting
34:36 Heavy Scorpion
36:17 Crop Rotation
35:23 Halberdier
37:16 Hand Cart
36:54 Capped Ram
37:58 Stone Mining
39:29 Plate Mail Armor
38:56 Town Watch
43:19 Champion
43:45 Arson
45:11 Scale Barding Armor
46:07 Blast Furnace
45:17 Fletching
46:39 Bloodlines
45:49 Light Cavalry
46:30 Husbandry
46:31 Treadmill Crane
47:44 Hussar
50:14 Chain Barding Armor
[POKR]Benzunum
12:15 Feudal Age
16:33 Castle Age
14:37 Double-Bit Axe
16:10 Horse Collar
18:44 Heavy Plow
19:27 Bow Saw
22:23 Loom
22:58 Stone Mining
24:46 Fletching
26:40 Bodkin Arrow
28:34 Masonry
29:31 Wheelbarrow
30:04 Gold Mining
30:08 Town Watch
30:27 Padded Archer Armor
34:37 Imperial Age
32:31 Leather Archer Armor
33:03 Ballistics
32:39 Murder Holes
33:05 Scale Barding Armor
33:03 Husbandry
33:26 Bloodlines
33:48 Hand Cart
34:45 Town Patrol
35:22 Chain Barding Armor
35:13 Forging
35:23 Bracer
35:19 Elite Mameluke
36:20 Conscription
37:53 Gold Shaft Mining
37:02 Heavy Camel Rider
39:26 Chemistry
39:11 Iron Casting
39:46 Counterweights
40:09 Ring Archer Armor
40:56 Two-Man Saw
40:52 Hoardings
39:53 Man-at-Arms
42:29 Blast Furnace
42:39 Plate Barding Armor
41:32 Long Swordsman
41:57 Gambesons
42:50 Coinage
42:03 Light Cavalry
45:31 Hussar
48:47 Scale Mail Armor
Splattcol
7:32 Loom
9:59 Feudal Age
10:51 Double-Bit Axe
12:50 Town Watch
13:36 Fletching
14:13 Horse Collar
19:55 Gold Mining
24:48 Castle Age
23:20 Padded Archer Armor
25:26 Bodkin Arrow
24:52 Crossbowman
25:38 Thumb Ring
26:29 Wheelbarrow
26:30 Leather Archer Armor
26:36 Bow Saw
27:33 Hand Cart
28:17 Ballistics
34:29 Imperial Age
35:16 Bracer
34:37 Arbalester
36:23 Chemistry
36:30 Ring Archer Armor
36:56 Siege Engineers
38:58 Devotion
41:38 Elite Skirmisher
Tizon
6:47 Loom
11:09 Feudal Age
15:13 Castle Age
14:12 Double-Bit Axe
14:26 Horse Collar
14:40 Loom
15:00 Loom
16:18 Bow Saw
16:42 Husbandry
18:51 Wheelbarrow
21:57 Heavy Plow
23:46 Hand Cart
24:02 Fletching
24:18 Scale Barding Armor
24:24 Forging
26:03 Fortified Wall
27:22 Gold Mining
27:23 Stone Mining
28:22 Ballistics
31:39 Imperial Age
30:03 Bodkin Arrow
32:28 Gold Shaft Mining
33:57 Stone Shaft Mining
35:54 Chain Barding Armor
36:12 Iron Casting
35:38 Bracer
35:53 Masonry
35:33 Pikeman
37:15 Bloodlines
36:28 Light Cavalry
37:23 Squires
37:42 Tuntian
37:56 Halberdier
41:19 Chemistry
41:20 Treadmill Crane
42:35 Conscription
43:35 Parthian Tactics
44:50 Ming Guang Armor
45:25 Thumb Ring
47:00 Blast Furnace
Connection lost

Rejoining the realm…

Still unreachable

The connection could not be restored.

Session expired

The server has moved on; the page needs a fresh start.